[Event "FIDE U16 Olympiad_boards_81-124"]
[Site "Eindhoven, Netherlands"]
[Date "2023.08.14"]
[Round "3.29"]
[White "Chunsukon, Viritpol"]
[Black "Cauchi, Noah"]
[Result "1-0"]
[TimeControl "45min+10sec"]
[WhiteElo "1542"]
[BlackElo "1530"]

1. e4 c6 2. d4 d5 3. exd5 cxd5 4. c4 Nf6 5. Nc3 Nc6 6. Nf3 Bg4 7. cxd5 Nxd5 8. Qb3 Bxf3 9. gxf3 e6 10.
Qxb7 Nxd4 11. Bb5+ Nxb5 12. Qc6+ Ke7 13. Qxb5 Qd7 14. Nxd5+ Qxd5 15. Qxd5 exd5 16. Be3 Kd7 17. O-O-O Kc6 18.
Kb1 Be7 19. Rc1+ Kb7 20. Rhd1 Rhd8 21. Rd3 Rab8 22. Rcd1 Kc6 23. Bxa7 Rb5 24. Bd4 f6 25. Rc3+ Kd7 26. Rdc1 Bd6 27.
h3 Rdb8 28. b3 R8b7 29. Rg1 Ke6 30. Kc2 Rb4 31. Bc5 Bxc5 32. Rxc5 Rf4 33. Rg3 h5 34. Rc3 d4 35. Rd3 g5 36. Rg1 Rb5 37. Rgd1 Rbf5 38. Kd2 Rxf3 39.
Rxf3 Rxf3 40. Ke2 Rxh3 41. Rxd4 h4 42. Rd1 Rc3 43. Ra1 f5 44. Kd2 Rf3 45. Ke2 g4 46. Rc1 Kd5 47. b4 Ra3 48. Rc5+ Ke4 49. Rc4+ Ke5 50.
Rc5+ Kf4 51. Rc4+ Kg5 52. Rc2 h3 53. Kf1 h2 54. Kg2 Rh3 55. Rc1 f4 56. b5 Rh6 57. Rc5+ Kh4 58. Kxh2 Rd6 59.
Rc2 Rd4 60. Rb2 1-0

[Event "FIDE U16 Olympiad_boards_81-124"]
[Site "Eindhoven, Netherlands"]
[Date "2023.08.14"]
[Round "3.30"]
[White "Zangrilli, Leonardo"]
[Black "Chiravanich, Pathee"]
[Result "0-1"]
[TimeControl "45min+10sec"]
[WhiteElo "1205"]
[BlackElo "1523"]

1. e4 c5 2. Nf3 d6 3. d4 cxd4 4. Nxd4 Nf6 5. Nc3 a6 6. Be3 e5 7. Nb3 Be6 8. f3 Nbd7 9. Be2 Be7 10.
Qd2 h5 11. O-O-O Rc8 12. h3 h4 13. Kb1 b5 14. a3 Nb6 15. Rdg1 Nc4 16. Bxc4 Bxc4 17. g4 hxg3 18. Rxg3 g6 19.
Nd5 Bxd5 20. exd5 Rh4 21. Bg5 Rhc4 22. Bxf6 Bxf6 23. c3 Bg7 24. Rg4 Qb6 25. f4 exf4 26. Rxf4 Kf8 27. h4 a5 28.
h5 gxh5 29. Rxh5 b4 30. Rxc4 Rxc4 31. Qe2 Rc7 32. axb4 axb4 33. c4 Qg1+ 34. Nc1 Qg6+ 35. Ka2 Ra7+ 36. Kb3 Re7 37. Qf3 Qg1 38.
Nd3 Re3 39. Qf5 Qd1+ 40. Kxb4 Qd2+ 41. Kb5 Re8 42. Qd7 Qxd3 43. Qxd6+ Kg8 44. Rg5 Qb3+ 45. Kc5 Rc8+ 0-1

[Event "FIDE U16 Olympiad_boards_81-124"]
[Site "Eindhoven, Netherlands"]
[Date "2023.08.14"]
[Round "3.31"]
[White "Jitwichian, Pataradit"]
[Black "Grima Bongailas, Isaac"]
[Result "1/2-1/2"]
[TimeControl "45min+10sec"]
[WhiteElo "1229"]
[BlackElo "1270"]

1. d4 Nf6 2. c4 c5 3.
Nf3 cxd4 4. Nxd4 e5 5. Nb5 d6 6. Bg5 a6 7. Bxf6 gxf6 8. N5c3 Bf5 9. e4 Be6 10. Nd5 Nd7 11. g3 Nb6 12.
Nbc3 Bg7 13. Qb3 Bxd5 14. Nxd5 Nxd5 15. cxd5 Qd7 16. Bg2 Rc8 17. O-O O-O 18. Rac1 Rxc1 19. Rxc1 Rc8 20. Rxc8+ Qxc8 21. Qc3 Qd7 22. Bf1 Kf8 23.
h4 Ke7 24. Kh2 Kd8 25. Bh3 Qc7 26. Kg2 Qxc3 27. bxc3 Kc7 28. Kf3 Kd8 29. Ke3 Kc7 30. Kd3 b5 31. Bg4 Kb6 32. Bh5 Bh6 33. Bxf7 Bc1 34. Kc2 Ba3 35.
f3 Bc5 36. g4 h6 37. Be8 b4 38. cxb4 Bxb4 39. Kd1 Bc5 40. Ke2 a5 41. a4 Bd4 42. Kf1 Kc5 43. Kg2 Be3 44. Kg3 Bf4+ 45.
Kf2 Kd4 1/2-1/2

[Event "FIDE U16 Olympiad_boards_81-124"]
[Site "Eindhoven, Netherlands"]
[Date "2023.08.14"]
[Round "3.32"]
[White "Thornton, Hayley"]
[Black "Kaewwattha, Natrada"]
[Result "1/2-1/2"]
[TimeControl "45min+10sec"]
[WhiteElo "1047"]
[BlackElo "1414"]

1. e4 c6 2. d4 d5 3. Nc3 dxe4 4. Nxe4 Bf5 5. Ng3 Bg6 6. h4 h6 7. h5 Bh7 8.
Nf3 Nd7 9. Bd3 Bxd3 10. Qxd3 e6 11. Bd2 Ngf6 12. O-O-O Be7 13. Ne4 Nxe4 14. Qxe4 Nf6 15. Qe2 Qb6 16. Be3 Qa5 17. a3 Nxh5 18.
Ne5 Nf6 19. Rd3 Rc8 20. Rb3 Qc7 21. Bf4 Bd6 22. Rg3 Nd5 23. Qg4 Nxf4 24. Qxf4 f6 25. Qg4 fxe5 26. Qxe6+ Be7 27. Rxg7 Qd7 28.
Rg8+ Rxg8 29. Qxg8+ Bf8 30. Rxh6 Qg7 31. Qe6+ Kd8 32. Rf6 Rc7 33. Qxe5 Qe7 34. Qxe7+ Kxe7 35. Rf3 Bh6+ 36. Kd1 Rd7 37.
c3 Ke6 38. Ke2 Bc1 39. g4 Rg7 40. Rg3 Bxb2 41. f4 Bxa3 42. f5+ Kf6 43. Ke3 Bd6 44. Rg1 Kg5 45. Rf1 Re7+ 46. Kf3 Rh7 1/2-1/2

[Event "FIDE U16 Olympiad_boards_81-124"]
[Site "Eindhoven, Netherlands"]
[Date "2023.08.14"]
[Round "3.33"]
[White "Coetsee, Dewald"]
[Black "Kannappan, Thanneermalai"]
[Result "1-0"]
[TimeControl "45min+10sec"]
[WhiteElo "1276"]
[BlackElo "1713"]

1. e4 c5 2. Nf3 d6 3.
d4 cxd4 4. Nxd4 Nf6 5. Nc3 g6 6.
Be3 Bg7 7. f3 Nc6 8. Qd2 O-O 9.
O-O-O d5 10. exd5 Nxd5 11. Nxc6 bxc6 12. Bd4 Bxd4 13. Qxd4 Qb6 14. Nxd5 cxd5 15. Qxb6 axb6 16. a3 Rd8 17.
Bb5 Bb7 18. Rhe1 e6 19. Rd4 Rac8 20. Kb1 Kf8 21. f4 Rc5 22. a4 Rdc8 23. Re2 Ke7 24. g4 Bc6 25. Bd3 Bb7 26. g5 h6 27.
h4 Kd6 28. b3 hxg5 29. hxg5 Rh8 30. Kb2 Rh4 31. Bb5 Rc8 32. c4 Rh3 33. Re5 Kc5 34. Rde4 Kd6 35. Re3 Rxe3 36. Rxe3 d4 37.
Re2 Rh8 38. Rd2 Kc5 39. Ka3 Rh3 40. Be8 d3 41. Bxf7 Kd4 42. Bxg6 Kc3 43. Rxd3 Rxd3 44. Bxd3 Kxd3 45. g6 Be4 46. g7 Bh7 47. a5 1-0

[Event "FIDE U16 Olympiad_boards_81-124"]
[Site "Eindhoven, Netherlands"]
[Date "2023.08.14"]
[Round "3.34"]
[White "Poon, Pak Yu"]
[Black "Strong, Davida"]
[Result "1-0"]
[TimeControl "45min+10sec"]
[WhiteElo "1268"]
[BlackElo "1379"]

1. e4 e6 2. d4 d5 3. e5 c5 4. c3 Nc6 5. Nf3 cxd4 6. cxd4 Nge7 7. Bd3 Qb6 8. Nc3 Bd7 9. Be3 Ng6 10.
O-O a6 11. h4 Rc8 12. h5 Nge7 13. Ng5 h6 14. Nh7 Na5 15. Nxf8 Kxf8 16. Qf3 Nc4 17. Ne2 Nc6 18. Bxc4 dxc4 19.
d5 Qxb2 20. dxc6 Bxc6 21. Qg4 Qxe5 22. Nd4 Qe4 23. Qg3 Kg8 24. Nxc6 Qxc6 25. Bd4 Rh7 26. Rad1 Qb5 27. Bc3 Re8 28.
Qc7 g6 29. Rd7 gxh5 30. Rfd1 e5 31. Re7 Rxe7 32. Qxe7 Kg7 33. Bxe5+ Kg8 34. Rd8+ Qe8 35. Qxe8# 1-0

[Event "FIDE U16 Olympiad_boards_81-124"]
[Site "Eindhoven, Netherlands"]
[Date "2023.08.14"]
[Round "3.35"]
[White "Govender, Keniesha"]
[Black "Li, Joy Ching"]
[Result "0-1"]
[TimeControl "45min+10sec"]
[WhiteElo "1210"]
[BlackElo "1401"]

1. d4 Nf6 2. Nf3 g6 3. g3 Bg7 4. Bg2 d5 5. c4 c6 6. O-O O-O 7. Nbd2 Bf5 8. b3 Ne4 9. Bb2 a5 10.
Nh4 Nxd2 11. Qxd2 Be6 12. Rac1 a4 13. Rfe1 Na6 14. e4 Nc7 15. Qc2 a3 16. Ba1 Rc8 17. Qd2 dxc4 18. bxc4 b5 19.
cxb5 Nxb5 20. d5 Bxa1 21. Rxa1 cxd5 22. exd5 Nc3 23. Qe3 Bxd5 24. Bxd5 Qxd5 25. Qxe7 Nxa2 26. Qxa3 Rc2 27. Qf3 Qc5 28.
Ng2 Nb4 29. Ne3 Rc3 30. Qg2 Kg7 31. Rec1 Rxc1+ 32. Rxc1 Qxc1+ 33. Qf1 Qxf1+ 34. Kxf1 Rd8 35. Ke2 f5 36. f4 Kf6 37. h3 Nd5 38. Nc4 Nc3+ 39. Kf3 Rd3+ 40.
Kf2 Ne4+ 41. Kg2 Rxg3+ 42. Kh2 Rf3 43. Nb6 Nc3 44. Nd7+ Ke7 45. Ne5 Rxf4 46. Nd3 Re4 47. Nc5 Re2+ 48.
Kg3 Ne4+ 49. Nxe4 Rxe4 0-1

[Event "FIDE U16 Olympiad_boards_81-124"]
[Site "Eindhoven, Netherlands"]
[Date "2023.08.14"]
[Round "3.36"]
[White "Fan, Wen Xi"]
[Black "Matshego, Thato"]
[Result "0-1"]
[TimeControl "45min+10sec"]
[WhiteElo "1281"]
[BlackElo "1150"]

1. e4 d5 2. exd5 Qxd5 3. Nc3 Qd8 4. d4 Nf6 5. Nf3 Bg4 6. Be2 e6 7. O-O Bxf3 8. Bxf3 c6 9. Re1 Bd6 10. Bg5 Nbd7 11. d5 cxd5 12.
Nxd5 O-O 13. Nxf6+ Nxf6 14. Bxf6 gxf6 15. Rb1 Qc7 16. h3 Rad8 17. Qe2 Kh8 18. Red1 Rg8 19. Kh1 Qb6 20. Kg1 Bc5 21.
c3 Bd6 22. a3 Qc7 23. Kh1 b6 24. Rd3 Qc4 25. Rbd1 Qf4 26. g3 Qh6 27. Bg2 Bc7 28. Rd7 Rxd7 29. Rxd7 Qc1+ 30. Kh2 Bb8 31.
Rxf7 Qg5 32. Qf3 f5 33. Qe2 f4 34. Qc2 fxg3+ 35. Kh1 Qh6 36. fxg3 Rxg3 37. Qf2 Rg8 38. Qf6+ Qxf6 39. Rxf6 Re8 40.
Be4 Kg7 41. Rf3 h6 42. Kg2 Rd8 43.
Rf2 Rg8 44. Kf1 Rd8 45. Ke2 Be5 46. Bd3 Rd7 47. Rf3 Bf6 48. Rg3+ Kf7 49. Rf3 h5 50. Rg3 h4 51. Rf3 Rd5 52.
Re3 Rg5 53. Bc4 Be5 54. Kd3 Rg3 55. Ke4 Kf6 0-1

[Event "FIDE U16 Olympiad_boards_81-124"]
[Site "Eindhoven, Netherlands"]
[Date "2023.08.14"]
[Round "3.38"]
[White "Chao, Tzu-Yi Anderson"]
[Black "Helmy, Muhammad Adnin Nuaym"]
[Result "1-0"]
[TimeControl "45min+10sec"]
[WhiteElo "1347"]
[BlackElo "1292"]

1. e4 c5 2. c3 Nf6 3. e5 Nd5 4. Nf3 e6 5. Bc4 Nb6 6. Bb3 Nc6 7. O-O Qc7 8. d4 cxd4 9. cxd4 d6 10.
Bf4 Be7 11. Nc3 a6 12. Ne4 dxe5 13. Nxe5 Qd8 14. Nf3 Nd5 15. Bg3 O-O 16. Qe2 h6 17. Rfd1 f5 18. Nc5 Bxc5 19. dxc5 f4 20.
Bh4 g5 21. Qe4 Qf6 22. Bxd5 exd5 23. Rxd5 gxh4 24. Rd6 Qf5 25. Qc4+ Qf7 26. Qc3 Qg7 27. Qc4+ Kh8 28. Nxh4 Ne5 29.
Qd4 Bg4 30. Re1 Nc6 31. Qxg7+ Kxg7 32. Rg6+ Kf7 33. Rxg4 Rfe8 34. Rxf4+ Kg7 35. Rfe4 Rxe4 36. Rxe4 Rd8 37. Nf5+ Kf6 38. Nd6 Ne7 39. Kf1 Nd5 40.
Rd4 Ke5 41. Nf7+ Kxd4 42. Nxd8 Kxc5 43. Nxb7+ Kc6 44. Nd8+ Kd7 45. Nf7 1-0

[Event "FIDE U16 Olympiad_boards_81-124"]
[Site "Eindhoven, Netherlands"]
[Date "2023.08.14"]
[Round "3.39"]
[White "Akhramsyah, Ashraf Alimuddin Zah"]
[Black "Hsu, Che"]
[Result "0-1"]
[TimeControl "45min+10sec"]
[WhiteElo "1350"]
[BlackElo "1374"]

1. e4 c5 2. Nf3 g6 3. c3 Nf6 4. e5 Nd5 5. d4 cxd4 6. cxd4 Bg7 7. Nc3 Nxc3 8. bxc3 Nc6 9. Bd3 O-O 10.
O-O d6 11. exd6 Qxd6 12. Re1 Bd7 13. a4 Rac8 14. Ba3 Qc7 15. Bxe7 Nxe7 16. Rxe7 Qd6 17. Qe1 Bf6 18. Re3 a6 19.
Qb1 Rxc3 20. Bxg6 Bxd4 21. Bxh7+ Kg7 22. Nxd4 Qxd4 23. Qe4 Qc5 24. Rxc3 Qxc3 25. Rd1 Re8 26. Qb1 Bxa4 27. Rc1 Qe5 28.
Bd3 Bc6 29. Qa1 Qxa1 30. Rxa1 Kf6 31. h3 Ra8 32. Ra5 b5 33. Kf1 Ke5 34. Ke2 Bxg2 35. f3 Kf4 36. Kf2 Bxf3 37. Bxb5 axb5 38.
Rxb5 Ra2+ 39. Ke1 Ke3 40. Rb3+ Kf4 41. Rb5 f5 42. Rb4+ Kg3 43. Rb5 Be4 44. Rb3+ Kh4 45. Kf1 Bg2+ 46.
Kg1 Bxh3 0-1

[Event "FIDE U16 Olympiad_boards_81-124"]
[Site "Eindhoven, Netherlands"]
[Date "2023.08.14"]
[Round "3.40"]
[White "Wang, Yushin Andrea"]
[Black "Mohd Tarmizi, Nur Uzma Bazilah"]
[Result "1/2-1/2"]
[TimeControl "45min+10sec"]
[WhiteElo "1186"]
[BlackElo "1367"]

1. e4 c5 2. Nf3 e6 3. c3 Nf6 4. e5 Nd5 5. d4 cxd4 6. cxd4 Nc6 7. Nc3 Nxc3 8. bxc3 d6 9. Bb5 Bd7 10.
Qe2 a6 11. Bd3 Qa5 12. Bd2 dxe5 13. c4 Bb4 14. dxe5 Nxe5 15. Qxe5 Bxd2+ 16. Ke2 Qxe5+ 17. Nxe5 Bc3 18. Nxd7 Kxd7 19.
Rab1 Rab8 20. Rb3 Bd4 21. Rhb1 Kc7 22. Be4 b6 23. Rf3 f5 24. Rd3 Rbd8 25. Rbd1 Bf6 26. Rxd8 Rxd8 27. Rxd8 Bxd8 28.
Bd3 Kc6 29. Kf3 Kc5 30. a3 Kd4 31. Be2 a5 32. g4 g6 33. gxf5 exf5 34. Kf4 Bc7 35. Kg5 Bxh2 36. Kh6 Bg1 37.
Kxh7 Bxf2 38. Kxg6 f4 39. Kf5 Ke3 40. Bd1 Bg3 41. Kg4 Kd3 42. a4 Kxc4 43. Be2+ Kb4 44. Bb5 Kc3 45. Kf3 Kd4 46.
Bc6 Kc5 47. Bb5 Bh2 48. Ke4 Kb4 49. Bc6 b5 50. Bxb5 Kc5 51. Bd7 Kd6 52. Bb5 Kc5 53. Bd7 1/2-1/2

[Event "FIDE U16 Olympiad_boards_81-124"]
[Site "Eindhoven, Netherlands"]
[Date "2023.08.14"]
[Round "3.41"]
[White "Sacco, Isaac"]
[Black "Medina, Joshua"]
[Result "0-1"]
[TimeControl "45min+10sec"]
[WhiteElo "1272"]
[BlackElo "1644"]

1. e4 c5 2. Nf3 Nc6 3. d4 cxd4 4. Nxd4 Nf6 5. Nc3 e5 6. Nf3 h6 7. Bc4 Bc5 8. O-O d6 9. h3 O-O 10.
Re1 a6 11. Be3 Bb4 12. Qd3 Be6 13. Red1 Bxc3 14. bxc3 Bxc4 15. Qxc4 Qc7 16. Rab1 b5 17. Qd3 d5 18. Nd2 Rfd8 19.
exd5 Nxd5 20. Bc5 Na5 21. Ne4 f5 22. Bd6 fxe4 23. Bxc7 exd3 24. Bxd8 dxc2 25. Bxa5 b4 26. Rdc1 cxb1=Q 27. Rxb1 bxc3 28. Rc1 Rc8 29. Kf1 Kf7 30. g3 Ke7 31. Ke2 Rc5 32. Bxc3 Rxc3 33.
Rb1 Rc2+ 34. Kf3 Rxa2 35. Rb7+ Kf6 36. Ke4 Nc3+ 37. Kd3 Nd1 38. Rb6+ Kf7 39. Rb7+ Kg6 40. Rb6+ Kh7 0-1

[Event "FIDE U16 Olympiad_boards_81-124"]
[Site "Eindhoven, Netherlands"]
[Date "2023.08.14"]
[Round "3.42"]
[White "La Fleur, Juninho"]
[Black "Ellul, Nicole"]
[Result "1-0"]
[TimeControl "45min+10sec"]
[WhiteElo "1328"]
[BlackElo "1251"]

1. e4 g6 2. d4 Bg7 3. Be3 d6 4. Nc3 Nf6 5. f3 Nbd7 6. Qd2 O-O 7. g4 e5 8. d5 Qe7 9. h4 h5 10.
Bg5 Qe8 11. Qg2 c6 12. Bc4 Qd8 13. gxh5 Qb6 14. Bb3 Nxh5 15. dxc6 bxc6 16. Nge2 Ba6 17. Be7 Rfe8 18. Bxd6 Bxe2 19.
Nxe2 Nf4 20. Nxf4 Qe3+ 21. Ne2 Rad8 22. Qxg6 Nf8 23. Qxf7+ Kh8 24. Qg8# 1-0

[Event "FIDE U16 Olympiad_boards_81-124"]
[Site "Eindhoven, Netherlands"]
[Date "2023.08.14"]
[Round "3.44"]
[White "Ramnarine Singh, Aradhana"]
[Black "Gauci, Andre"]
[Result "1-0"]
[TimeControl "45min+10sec"]
[WhiteElo "1210"]
[BlackElo "1277"]

1. e4 c5 2. Nf3 d6 3. d4 cxd4 4.
Nxd4 Nf6 5. Nc3 g6 6. Be2 Bg7 7. O-O O-O 8. h3 Nc6 9. Be3 d5 10. exd5 Nxd5 11. Nxc6 bxc6 12. Bd4 Nf6 13.
Bf3 Bd7 14. Re1 Re8 15. Qd3 Qc7 16. Be5 Qb7 17. Ne4 Nxe4 18. Qxe4 f6 19. Bc3 f5 20. Qc4+ e6 21. Bxg7 Kxg7 22. Qd4+ Kf7 23. Rad1 Rad8 24.
Qe5 Qb8 25. Qxb8 Rxb8 26. Rxd7+ Kf6 27. b3 Re7 28. Rxe7 Kxe7 29. Bxc6 Rc8 30. Bd5 Rxc2 31. Rxe6+ Kf8 32. a4 a5 33.
Bc4 Kg7 34. Ra6 h5 35. Rxa5 Kf6 36. h4 g5 37. hxg5+ Kxg5 38. g3 Kg4 39. Kg2 f4 40. gxf4 h4 41. Be6+ Kxf4 42. Rh5 h3+ 43. Rxh3 Rc6 44. Bc4 Rg6+ 45. Rg3 Rd6 46.
a5 Rc6 47. a6 Rc7 48. Rg6 Ra7 49. Bd5 Ke5 50. Bb7 Kf5 51. Rc6 Ke5 52. b4 Kd5 53. b5 Kd4 54. b6 Rxb7 55. axb7 Kd5 56.
b8=Q Kxc6 57. Qc7+ Kb5 58. b7 Ka6 59. Qc4+ Kxb7 60. f4 Kb8 61. f5 Ka8 62. f6 Ka7 63. f7 Kb7 64. f8=R Ka7 65.
Rf6 Kb8 66. Rf7 Ka8 67. Qc8# 1-0